Map: Lost and Found LE

Players

MasterInc - Winner!

  • Race: Zerg Zerg
  • League: Gold
  • Spawn Location: 1:00

GreatCabe

  • Race: Protoss Protoss
  • League: Gold
  • Spawn Location: 7:00

VOD

Have the link to the VOD?

Description

Gold/Plat, Solid hold with roaches against mass stalker Mass hydra push win.

Time

  • Played on: May 16, 2018, 4:51 p.m.
  • Length: 15:13
Show
View Real Time Build Order
Export as new Build Order

MasterInc Zerg - Winner!

Build Orders: Hatch First 

Get SALT Encoding   

  12  0:00  Drone  
  13  0:13  Overlord  
  13  0:17  Drone  
  14  0:31  Drone x2  
  16  0:50  Hatchery  
  16  0:53  Drone  
  16  1:07  Spawning Pool  
  16  1:10  Drone  
  16  1:14  Drone  
  16  1:16  Extractor  
  16  1:20  Drone  
  16  1:23  Drone  
  18  1:37  Overlord  
  18  1:48  Drone  
  19  1:54  Zergling x2, Queen  
  22  2:01  Queen  
  22  2:02  Drone  
  25  2:12  Zergling x2  
  26  2:15  Metabolic Boost  
  26  2:18  Drone  
  26  2:20  Drone  
  28  2:27  Drone x2  
  30  2:36  Drone  
  31  2:44  Roach Warren  
  31  2:47  Drone x2  
  32  2:57  Drone x2  
  32  2:58  Overlord  
  34  3:03  Drone x2  
  36  3:16  Overlord  
  36  3:17  Overlord  
  36  3:18  Overlord  
  36  3:40  Lair  
  36  3:43  Queen  
  38  3:51  Roach  
  38  3:52  Roach x5  
  50  4:07  Drone x5  
  50  4:08  Extractor, Drone  
  55  4:15  Hatchery  
  54  4:21  Roach x3  
  60  4:27  Overlord  
  58  4:53  Roach x4  
  58  4:54  Roach  
  68  5:08  Overlord  
  68  5:14  Overlord x4  
  64  5:17  Overlord x2  
  62  5:25  Overlord x2  
  56  5:28  Roach  
  56  5:29  Roach  
  56  5:36  Roach x3  
  56  5:37  Roach  
  56  5:41  Roach  
  64  5:44  Queen  
  64  5:47  Roach x2  
  64  5:58  Roach x3  
  64  6:05  Roach x2  
  64  6:06  Roach  
  68  6:12  Drone  
  68  6:13  Drone  
  68  6:16  Roach x2  
  72  6:20  Queen  
  70  6:34  Glial Reconstitution  
  70  6:40  Drone  
  70  6:41  Queen, Drone x6  
  70  6:45  Drone x4  
  83  6:50  Drone  
  83  6:53  Roach  
  86  6:54  Roach  
  86  6:58  Roach x2  
  86  7:01  Roach  
  94  7:04  Overlord  
  94  7:10  Roach x2  
  94  7:11  Roach  
  94  7:14  Drone x2  
  94  7:15  Drone  
  103  7:34  Roach x5  
  113  7:41  Roach x2  
  115  7:53  Roach x2  
  115  7:54  Roach  
  117  8:02  Roach x2  
  117  8:03  Zergling x2  
  117  8:05  Overlord x3  
  122  8:06  Overlord x4  
  122  8:12  Extractor x2  
  120  8:20  Roach  
  120  8:24  Roach, Hatchery  
  120  8:25  Roach x3  
  129  8:53  Roach x6  
  129  8:54  Zergling x10  
  129  8:55  Zergling x6  
  149  9:08  Overlord x3  
  149  9:09  Roach  
  155  9:10  Zergling x6, Roach x2  
  155  9:11  Zergling x6  
  154  9:41  Hydralisk Den  
  153  9:55  Drone  
  153  9:56  Drone x8  
  153  9:57  Drone x7  
  153  9:58  Drone x2  
  171  10:14  Extractor  
  171  10:20  Extractor  
  171  10:21  Queen  
  171  10:26  Extractor  
  171  10:27  Drone x2  
  172  10:28  Drone x2  
  172  10:32  Hydralisk x5  
  172  10:33  Hydralisk x4  
  172  10:35  Zergling x14  
  182  10:56  Queen  
  175  10:59  Hydralisk x4  
  175  11:00  Hydralisk x3  
  187  11:09  Hydralisk x3  
  168  11:33  Hydralisk x4  
  168  11:34  Hydralisk x2  
  136  11:59  Hydralisk x5  
  136  12:00  Hydralisk x3  
  120  12:13  Hydralisk x3  
  120  12:15  Zergling x10  
  125  12:26  Extractor  
  124  12:40  Muscular Augments  
  124  12:42  Queen  
  124  12:44  Drone x8  
  129  12:45  Drone x3  
  129  12:48  Hydralisk  
  139  13:01  Drone  
  139  13:02  Drone  
  139  13:03  Hydralisk x2  
  139  13:04  Hydralisk x2  
  149  13:13  Evolution Chamber x2  
  147  13:24  Hydralisk x4  
  147  13:25  Hydralisk x6  
  147  13:26  Hydralisk x6  
  179  13:29  Hatchery  
  178  13:39  Hydralisk x2  
  178  13:40  Hydralisk x7  
  196  13:51  Grooved Spines  
  196  14:03  Hydralisk x2  
Show
View Real Time Build Order
Export as new Build Order

GreatCabe Protoss 

Build Orders:  

Get SALT Encoding   

  12  0:02  Probe  
  13  0:14  Probe  
  13  0:19  Pylon  
  14  0:28  Probe  
  15  0:38  Gateway  
  15  0:41  Probe  
  15  0:49  Probe  
  16  0:54  Assimilator  
  17  0:59  Probe  
  18  1:11  Probe  
  19  1:19  Pylon  
  19  1:27  Cybernetics Core  
  19  1:32  Assimilator  
  19  1:33  Probe  
  20  1:45  Probe  
  21  1:55  Pylon  
  21  1:57  Warp Gate  
  21  1:58  Gateway  
  21  2:01  Gateway  
  21  2:11  Stalker  
  21  2:13  Probe  
  24  2:25  Probe  
  24  2:30  Shield Battery  
  24  2:38  Probe  
  24  2:39  Gateway  
  25  2:47  Stalker  
  27  2:53  Stalker  
  29  3:18  Stalker  
  31  3:20  Stalker  
  31  3:23  Stalker  
  31  3:26  Stalker  
  37  3:34  Pylon  
  37  3:39  Pylon  
  37  4:08  Stalker  
  37  4:09  Stalker  
  41  4:10  Stalker  
  43  4:17  Stalker  
  45  4:36  Pylon  
  45  4:53  Nexus  
  29  6:41  Probe  
  29  6:44  Probe  
  29  6:45  Stalker  
  29  6:46  Stalker x2  
  29  6:47  Stalker  
  39  6:53  Probe  
  40  6:55  Stargate  
  40  6:56  Probe  
  40  6:57  Stargate  
  40  7:01  Pylon  
  41  7:05  Probe  
  43  7:08  Probe  
  43  7:13  Assimilator  
  43  7:15  Assimilator  
  43  7:17  Pylon, Probe  
  43  7:20  Probe  
  43  7:21  Pylon  
  45  7:25  Pylon  
  45  7:29  Probe  
  46  7:31  Stalker x2  
  46  7:32  Stalker x2  
  54  7:39  Void Ray  
  58  8:00  Stalker x2  
  58  8:01  Stalker x2  
  64  8:10  Void Ray  
  68  8:19  Shield Battery  
  68  8:40  Void Ray  
  71  8:53  Void Ray  
  75  9:03  Probe  
  75  9:09  Protoss Air Weapons Level 1  
  76  9:15  Probe  
  77  9:23  Void Ray  
  81  9:34  Stalker x2  
  81  9:35  Stalker x2  
  89  9:45  Twilight Council  
  89  9:53  Void Ray  
  93  10:03  Pylon  
  93  10:20  Void Ray  
  97  10:21  Charge  
  61  11:29  Zealot x3  
  61  11:30  Zealot  
  57  11:33  Void Ray x2  
  51  12:13  Zealot x2  
  55  12:16  Void Ray x2  
  63  12:29  Probe, Nexus  
  64  12:37  Probe  
  65  13:18  Probe  
  66  13:20  Probe  
  66  13:21  Fleet Beacon  
  67  13:28  Probe  
  68  13:36  Probe  
  68  13:39  Probe  
  69  13:47  Probe x2  
  70  13:50  Probe  
  73  13:56  Probe  
Tags
 
Add a new tag
Caveats
  • Supply blocks, unpowered buildings, or Contaminate may cause inaccurate times.
  • Supply counts are checked every 10 seconds.